 Dungeon Crawl Stone Soup version 0.17.1-1-g73c8601 (webtiles) character file.

163 Andry07 the Skirmisher (level 5, -7/41 HPs)
             Began as a High Elf Fighter on Dec 23, 2015.
             Mangled by a kobold
             ... wielding a +2 whip of distortion
              (18 damage)
             ... on level 4 of the Dungeon.
             The game lasted 00:05:13 (1846 turns).

Andry07 the Skirmisher (High Elf Fighter)           Turns: 1846, Time: 00:05:13

Health: -7/41      AC:  7    Str: 21    XL:     5   Next: 20%
Magic:  6/6        EV:  7    Int: 12    God:
Gold:   135        SH:  9    Dex: 14    Spells: 0 memorised, 4 levels left

rFire  . . .     SeeInvis .     a - +0 long sword
rCold  . . .     Clarity  .     b - +0 scale mail
rNeg   . . .     SustAt   .     c - +0 shield
rPois  .         Gourm    .     (no helmet)
rElec  .         Spirit   .     j - +0 cloak
rCorr  .         Warding  .     (no gloves)
rMut   .         Stasis   .     (no boots)
MR     .....                    (no amulet)
Stlth  ..........               (no ring)
                                (no ring)

@: mighty, not resistant to hostile enchantments, extremely unstealthy
A: no striking features
a: no special abilities


You were on level 4 of the Dungeon.
You were very full.

You visited 1 branch of the dungeon, and saw 4 of its levels.

You collected 135 gold pieces.

Inventory:

Hand Weapons
 a - a +0 long sword (weapon)
Armour
 b - a +0 scale mail (worn)
 c - a +0 shield (worn)
 j - a +0 cloak (worn)
Scrolls
 e - a scroll of random uselessness {unknown}
 i - a scroll of enchant weapon {unknown}
 l - a scroll of enchant armour {unknown}
 n - 2 scrolls of remove curse {unknown}
 o - 2 scrolls of identify {unknown}
 q - a scroll of magic mapping {unknown}
Potions
 d - a potion of might
 f - a potion of lignification {unknown}
 g - 2 potions of heal wounds {unknown}
 k - 3 potions of cure mutation {unknown}
 m - a potion of agility {unknown}
 p - 2 potions of haste {unknown}
 r - 2 potions of curing {unknown}
Books
 s - a Young Poisoner's Handbook

   Spells                             Type                      Level
   a - Sting                          Conjuration/Poison           1
   b - Cure Poison                    Poison                       2
   c - Mephitic Cloud                 Conjuration/Poison/Air       3
   d - Olgreb's Toxic Radiance        Poison                       4
   e - Venom Bolt                     Conjuration/Poison           5
Comestibles
 h - 4 meat rations


   Skills:
 + Level 6.0 Fighting
 - Level 2.4 Long Blades
 - Level 2.6 Armour
 - Level 2.6 Shields


You had 4 spell levels left.
You didn't know any spells.

Dungeon Overview and Level Annotations

Branches:
Dungeon (4/15)
 Temple: D:4-7

Altars:

Annotations:
D:3 Grinder


Message History

You closely miss the kobold.
Your shield and scale mail prevent you from hitting the kobold.
The kobold closely misses you. The kobold hits you but does no damage.
You hit the kobold.
You kill the kobold!
The kobold hits something but does no damage.
The kobold hits you but does no damage.
The kobold hits the plant with a whip of distortion.
Space bends around the plant.
The plant is destroyed!
You closely miss the kobold.
The kobold hits something but does no damage.
You hit the kobold.
You kill the kobold!
Your Fighting skill increases to level 6!
The kobold hits you but does no damage. The kobold hits you with a short sword.
* * * LOW HITPOINT WARNING * * *
You barely miss the kobold.
The kobold completely misses something.
The kobold hits you but does no damage. Space warps horribly around you!
You die...

..K #............#
P.. #.#..........# ..
#.#.##........ ♣.K
#.#.##.###...# ..♣
#.#.##.###.#.# ♣.K♣♣#
#.#.##.#<....# #.♣KP#
#.#.##.###.#.# #KK♣♣
#.#.##.# #.#.#
#.K@♣##.#.##.###.# #
####P..#....>.....#
...........#.#..#####
...##.....(#... .# .
....####.#..#.# ####
#.#..# # #.#..#
..#..# .....#


You could see 6 kobolds.

Vanquished Creatures
  A big kobold (D:4)
  An adder (D:1)
  An ooze (D:2)
  2 worms (D:2)
  3 giant geckos
  6 bats
  5 giant cockroaches
  7 goblins
  7 hobgoblins
  2 ball pythons
  8 giant newts
  3 jackals (D:3)
  19 kobolds
  13 rats
78 creatures vanquished.

Vanquished Creatures (others)
  4 plants (D:4)
4 creatures vanquished.

Grand Total: 82 creatures vanquished

Notes
Turn   | Place    | Note
--------------------------------------------------------------
     0 | D:1      | Andry07 the High Elf Fighter began the quest for the Orb.
     0 | D:1      | Reached XP level 1. HP: 16/16 MP: 2/2
    50 | D:1      | Reached XP level 2. HP: 17/21 MP: 3/3
   162 | D:1      | Reached skill level 4 in Fighting
   407 | D:1      | Reached XP level 3. HP: 27/27 MP: 4/4
  1502 | D:2      | Reached XP level 4. HP: 27/34 MP: 5/5
  1531 | D:2      | Reached skill level 5 in Fighting
  1620 | D:3      | Noticed Grinder
  1791 | D:4      | Noticed a big kobold
  1821 | D:4      | Killed a big kobold
  1821 | D:4      | Reached XP level 5. HP: 21/41 MP: 6/6
  1845 | D:4      | Reached skill level 6 in Fighting
  1846 | D:4      | Mangled by a kobold

Action                   |  1- 3 |  4- 6 || total
-------------------------+-------+-------++-------
Melee: Long sword        |   200 |    85 ||   285
  Use: Potion            |       |     1 ||     1
  Eat: Bread ration      |     2 |       ||     2
       Pizza             |     1 |       ||     1
